 Dungeon Crawl Stone Soup version 0.22.1-6-g1668fe2 (webtiles) character file.

167 doot the Conjurer (level 5, -9/39 HPs)
             Began as a Draconian Conjurer on Jan 21, 2019.
             Mangled by an ogre
             ... wielding a +0 giant club
              (21 damage)
             ... on level 3 of the Dungeon.
             The game lasted 00:08:38 (3241 turns).

doot the Conjurer (Draconian Conjurer)              Turns: 3241, Time: 00:08:39

Health: -9/39      AC:  6    Str: 11    XL:     5   Next: 23%
Magic:  9/17       EV: 12    Int: 16    God:
Gold:   234        SH:  0    Dex: 11    Spells: 1/8 levels left

rFire    . . .     SeeInvis .   d - +0 spear (flame)
rCold    . . .     Gourm    .   (no shield)
rNeg     . . .     Faith    .   (armour unavailable)
rPois    .         Spirit   .   (helmet restricted)
rElec    .         Reflect  .   (no cloak)
rCorr    .         Harm     .   e - +0 pair of gloves
MR       .....                  (no boots)
Stlth    ++........             (no amulet)
HPRegen  0.13/turn              i - ring of magical power
MPRegen  0.15/turn              (no ring)

@: no status effects
A: unfitting armour, cold-blooded, AC +5
a: no special abilities


You were on level 3 of the Dungeon.
You were not hungry.

You visited 1 branch of the dungeon, and saw 4 of its levels.

You collected 234 gold pieces.

Inventory:

Hand Weapons
 d - a +0 spear of flaming (weapon)
Armour
 e - a +0 pair of gloves (worn)
Jewellery
 i - a ring of magical power (left hand)
Scrolls
 a - 2 scrolls of immolation {unknown}
 c - 3 scrolls of identify {unknown}
 f - 3 scrolls of amnesia {unknown}
 g - 2 scrolls of enchant weapon {unknown}
 h - 2 scrolls of enchant armour {unknown}
 j - a scroll of remove curse {unknown}
 n - a scroll of fog {unknown}
 q - a scroll of teleportation {unknown}
 r - a scroll of magic mapping {unknown}
Potions
 k - a potion of heal wounds
 l - a potion of cancellation {unknown}
 m - a potion of flight {unknown}
 o - a potion of haste {unknown}
 p - a potion of curing {unknown}
 s - a potion of invisibility {unknown}
Comestibles
 b - 8 rations


   Skills:
 + Level 0.5 Fighting
 + Level 1.2 Polearms
 + Level 2.7 Dodging
 + Level 2.4 Stealth
 + Level 2.4 Spellcasting
 + Level 5.2 Conjurations


You had one spell level left.
You knew the following spells:

 Your Spells              Type           Power        Failure   Level  Hunger
a - Magic Dart            Conj           ###.         2%          1    #......
b - Searing Ray           Conj           ###...       3%          2    ###....
c - Fulminant Prism       Conj/Hex       ##........   54%         4    #####..

Your spell library contained the following spells:

 Spells                   Type           Power        Failure   Level  Hunger
 Beastly Appendage        Tmut           #.....       21%         1    #......
 Dazzling Spray           Conj/Hex       ##....       21%         3    ###....
 Iskenderun's Mystic Bla  Conj           ###.....     22%         4    #####..
 Sticks to Snakes         Tmut           #.......     30%         2    ###....
 Spider Form              Tmut/Pois      #.........   52%         3    ###....
 Force Lance              Conj/Tloc      ##......     54%         4    #####..
 Ice Form                 Ice/Tmut       #.......     89%         4    #####..
 Blade Hands              Tmut           #.........   99%         5    ######.


Dungeon Overview and Level Annotations

Branches:
Dungeon (4/15)
 Temple: D:4-7

Altars:
Makhleb


Innate Abilities, Weirdness & Mutations

Your plain brown scales are hard. (AC +5)
You cannot fit into any form of body armour.
You are cold-blooded and may be slowed by cold attacks.


Message History

The searing ray misses the ogre.
The ogre barely misses you.
The searing ray hits the ogre.
The ogre is heavily wounded.
The ogre barely misses you.
The searing ray misses the ogre.
You finish channeling your searing ray.
Casting: Searing Ray (safe; 3% risk of failure)
Confirm with . or Enter, or press ? or * to list all spells.
Aiming: Searing Ray (safe; 3% risk of failure)
Press: ? - help, Shift-Dir - straight line, f/p - ogre
Aim: an ogre, wielding a giant club (heavily wounded)
The searing ray hits the ogre.
The ogre is heavily wounded. (Press . to maintain the ray.)
The ogre hits you with a giant club!!
Ouch! That really hurt!
The searing ray hits the ogre.
The ogre is severely wounded.
The ogre hits you with a giant club!!
Ouch! That really hurt!
You die...

#.#.≈≈≈≈._♣≈≈≈...################
#.#.≈≈≈≈≈.≈≈≈≈≈..#
#.#≈≈≈≈≈≈≈≈≈≈≈...#
#.#.≈≈≈≈≈≈≈≈≈≈...#
#.#..≈≈≈≈≈≈≈≈≈≈≈.#
#.#.≈....≈≈..≈≈≈.#
#.#≈.≈≈..≈≈..≈≈≈.#
#.###......####O.################
#.# #...........@................
#.# ##.....####.#################
#.# #....)# #.#<...# #.# #.....#
#.#..#.# ..# #.....#
#.####.####### ### #.....#
#............# # #.....#
############.## # #.....# #..#
#.....# ##.#


You could see an ogre.

Vanquished Creatures
  A scorpion (D:4)
  A hound (D:2)
  2 adders (D:3)
  2 oozes
  An adder skeleton (D:4)
  A dart slug (D:2)
  2 worms (D:2)
  2 leopard geckos
  2 orcs (D:3)
  A giant cockroach (D:1)
  3 goblins
  7 hobgoblins
  4 jackals
  3 kobolds (D:2)
  2 quokkas (D:3)
  A ball python (D:1)
  7 bats
  3 frilled lizards
  8 rats
53 creatures vanquished.

Vanquished Creatures (others)
  A fulminant prism (D:4)
1 creature vanquished.

Grand Total: 54 creatures vanquished

Notes
Turn   | Place    | Note
-------+----------+-------------------------------------------
     0 | D:1      | doot the Draconian Conjurer began the quest for the Orb.
     0 | D:1      | Reached XP level 1. HP: 14/14 MP: 3/3
   497 | D:1      | Reached XP level 2. HP: 20/20 MP: 0/5
  1159 | D:2      | Learned a level 2 spell: Searing Ray
  1215 | D:2      | Found a burning altar of Makhleb.
  1223 | D:2      | Reached skill level 5 in Conjurations
  1223 | D:2      | Reached XP level 3. HP: 22/26 MP: 4/6
  1414 | D:2      | Reached XP level 4. HP: 16/33 MP: 2/7
  1421 | D:2      | Learned a level 4 spell: Fulminant Prism
  1865 | D:3      | Found a faded altar of an unknown god.
  2052 | D:4      | Reached skill level 1 in Polearms
  2052 | D:4      | Reached XP level 5. HP: 21/39 MP: 0/8
  2269 | D:4      | Noticed a phantom
  2309 | D:4      | Noticed an ogre
  3241 | D:3      | Mangled by an ogre

Skill      XL: |  1  2  3  4 |
---------------+-------------+-----
Dodging        | 2 |  2.7
Stealth        | 2 |  2.4
Conjurations   | 5 |  5.2
Polearms       | 1 |  1.2
Fighting       | |  0.5
Spellcasting   | |  2.4

Action                   |  1- 3 |  4- 6 || total
-------------------------+-------+-------++-------
Melee: Spear             |    76 |    47 ||   123
       Tailslap          |     2 |     2 ||     4
 Cast: Magic Dart        |    18 |    25 ||    43
       Searing Ray       |     2 |     7 ||     9
       Fulminant Prism   |       |     1 ||     1
  Use: Potion            |       |     1 ||     1
 Stab: Sleeping          |     2 |     1 ||     3
  Eat: Chunk             |     2 |     7 ||     9
Armor: Skin              |    19 |    11 ||    30
Dodge: Dodged            |    40 |    39 ||    79
